 Dungeon Crawl Stone Soup version 0.25-a0-44-g29a1220a87 (webtiles) character file.

Game seed: 4576766689745977312, levelgen mode: deterministic

1470 BryzzWind the Quickloader (level 8, -2/66 (67) HPs)
             Began as a Centaur Hunter on Oct 23, 2019.
             Was a Follower of Dithmenos.
             Slain by an orc warrior
             ... wielding a +2 hand axe of electrocution
              (12 damage)
             ... on level 6 of the Dungeon.
             The game lasted 00:15:59 (5667 turns).

BryzzWind the Quickloader (Centaur Hunter)          Turns: 5667, Time: 00:16:01

HP:   -2/66 (67)    AC:  7    Str: 15    XL:     8   Next: 49%
MP:   8/8           EV:  9    Int: 10    God:    Dithmenos [*.....]
Gold: 380           SH:  0    Dex: 12    Spells: 7/7 levels left

rFire    . . .     SeeInvis .   a - +1 hand crossbow
rCold    + . .     Gourm    .   I - +3 warlock's mirror {reflect}
rNeg     . . .     Faith    +   t - +0 ring mail {rC+}
rPois    .         Spirit   .   y - +1 hat
rElec    .         Reflect  +   i - +0 cloak
rCorr    +         Harm     .   (no gloves)
MR       .....                  (no barding)
Stlth    ..........             m - amulet of faith
HPRegen  0.21/turn              D - ring of resist corrosion
MPRegen  0.11/turn              (no ring)

@: confused, wreathed by umbra, very quick
A: large, hooves 3, deformed body, speed 2, tough skin 3
a: Renounce Religion


You were on level 6 of the Dungeon.
You worshipped Dithmenos.
Dithmenos was aware of your devotion.
You were very hungry.

You visited 2 branches of the dungeon, and saw 7 of its levels.

You collected 380 gold pieces.

Inventory:

Hand Weapons
 a - a +1 hand crossbow (weapon)
 b - a +0 short sword
 z - a +0 spear
 G - a +0 halberd
Missiles
 d - 35 bolts (quivered)
 g - 282 stones
Armour
 i - a +0 cloak (worn)
 t - a +0 ring mail of cold resistance (worn)
 y - a +1 hat (worn)
 I - the +3 warlock's mirror (worn) {reflect}
   (You found it on level 6 of the Dungeon)
Jewellery
 m - an amulet of faith (around neck)
 D - a ring of resist corrosion (left hand)
Wands
 c - a wand of iceblast (11)
 B - a wand of polymorph (8)
 J - a wand of disintegration (17)
Scrolls
 j - 6 scrolls of remove curse {unknown}
 l - 5 scrolls of teleportation {unknown}
 r - a scroll of enchant weapon {unknown}
 s - a scroll of noise {unknown}
 u - a scroll of amnesia {unknown}
 v - 6 scrolls of identify
 A - a scroll of immolation {unknown}
 C - a scroll of fear {unknown}
 E - a scroll of magic mapping {unknown}
 F - a scroll of blinking {unknown}
 H - a scroll of holy word {unknown}
Potions
 e - a potion of flight {unknown}
 h - 2 potions of lignification
 k - 5 potions of curing
 n - 3 potions of cancellation
 o - 4 potions of heal wounds
 p - a potion of agility {unknown}
 q - a potion of mutation {unknown}
 w - a potion of berserk rage {unknown}
 x - 2 potions of might {unknown}
Comestibles
 f - 9 rations


   Skills:
 + Level 4.9 Fighting
 + Level 2.3 Polearms
 * Level 8.3 Crossbows
 + Level 3.6 Dodging
 + Level 3.0 Stealth


You had 7 spell levels left.
You didn't know any spells.
Your spell library was empty.

Dungeon Overview and Level Annotations

Branches:
Dungeon (6/15)             Temple (1/1) D:5

Altars:
Ashenzari
Cheibriados
Dithmenos
Elyvilon
Fedhas
Okawaru
Ru
Trog
Uskayaw
Wu Jian
Xom
Yredelemnul
Zin


Innate Abilities, Weirdness & Mutations

You have hooves in place of feet.
Armour fits poorly on your strangely shaped body.
You cover ground very quickly.
You have extremely tough skin. (AC +3)


Message History

The puff of flame hits you!
The orc warrior hits you with a +2 hand axe of electrocution.
The orc priest calls down the wrath of Beogh upon you.
Found 8 gold pieces.
Found a ration.
The orc priest mumbles some strange prayers to Beogh against you.
Beogh smites you! Something hits you. The orc warrior barely misses you.
You are too injured to fight recklessly!
Firing (i - inventory. (/) - cycle)
d - 35 bolts (quivered)
Press: ? - help, Shift-Dir - straight line, f/p - orc warrior
Aim: an orc warrior, wielding a +2 hand axe of electrocution and wearing a cursed +0 chain mail (moderately wounded, umbra)
Okay, then.
You miss the orc warrior.
The orc warrior is moderately wounded.
Something hits you but does no damage.
The orc warrior hits you with a +2 hand axe of electrocution!
* * * LOW HITPOINT WARNING * * *
You are electrocuted!
You die...

#............##
##..........##
#####..........#
####.......######.##
.......######## #..###
....#####......###...######
....# #........#........#
....# .........#(.#.....#
....# ........@o(.#.....#
....# .........{..##....#
....# ........#o..# #...#
.)..# ........#(..# #..#
....# ............# #.#
...## .%.....#(.(.# ## ...#
......##.(..# #### ...$##
#(.((.


You could see an orc warrior and an orc priest.

Vanquished Creatures
  Sigmund (D:5)
  Edmund (D:5)
  An orc warrior (D:6)
  A sky beast (D:6)
  A necrophage (D:4)
  An ogre (D:4)
  A centaur (D:6)
  3 scorpions
  3 howler monkeys
  A crimson imp (D:5)
  A bullfrog zombie (D:5)
  A hound (D:4)
  A gnoll shaman (D:6)
  An orc wizard (D:3)
  3 worker ants (D:4)
  2 hound skeletons (D:5)
  8 adders
  A howler monkey skeleton (D:4)
  5 gnolls (D:6)
  An ooze (D:3)
  6 worms
  3 dart slugs
  3 leopard geckos
  17 orcs
  3 giant cockroaches
  6 hobgoblins
  3 jackals (D:4)
  A ball python (D:3)
  5 bats
  5 frilled lizards
  9 goblins
  A jackal skeleton (D:6)
  5 kobolds
  A quokka zombie (D:5)
  5 rats
111 creatures vanquished.

Vanquished Creatures (others)
  A plant (D:3)
1 creature vanquished.

Grand Total: 112 creatures vanquished

Notes
Turn   | Place    | Note
-------+----------+-------------------------------------------
     0 | D:1      | BryzzWind the Centaur Hunter began the quest for the Orb.
     0 | D:1      | Reached XP level 1. HP: 17/17 MP: 1/1
   221 | D:1      | Reached XP level 2. HP: 24/24 MP: 2/2
   835 | D:2      | Reached XP level 3. HP: 24/30 MP: 3/3
   926 | D:2      | Reached skill level 5 in Crossbows
   926 | D:2      | Reached skill level 1 in Stealth
   956 | D:2      | Found an iron altar of Okawaru.
   978 | D:2      | Found a hide-covered altar of Uskayaw.
  1030 | D:2      | Reached XP level 4. HP: 10/37 MP: 4/4
  1278 | D:2      | Found a faded altar of an unknown god.
  2343 | D:3      | Reached XP level 5. HP: 23/44 MP: 5/5
  2582 | D:3      | Found a snail-covered altar of Cheibriados.
  3076 | D:4      | Noticed a necrophage
  3080 | D:4      | Reached skill level 6 in Crossbows
  3084 | D:4      | Killed a necrophage
  3084 | D:4      | Reached XP level 6. HP: 28/50 MP: 6/6
  3329 | D:4      | Reached XP level 7. HP: 57/57 MP: 7/7
  3814 | D:4      | Reached skill level 7 in Crossbows
  3903 | D:5      | Entered Level 5 of the Dungeon
  3955 | D:5      | Reached skill level 1 in Polearms
  4019 | D:5      | Found a staircase to the Ecumenical Temple.
  4100 | Temple   | Entered the Ecumenical Temple
  4154 | Temple   | Became a worshipper of Dithmenos the Shadowed
  4275 | D:5      | Noticed Edmund
  4286 | D:5      | Noticed Sigmund
  4315 | D:5      | Killed Edmund
  4331 | D:5      | Killed Sigmund
  4331 | D:5      | Reached XP level 8. HP: 46/66 MP: 8/8
  4461 | D:5      | Found a glowing silver altar of Zin.
  4463 | D:5      | Found a shattered altar of Ashenzari.
  4464 | D:5      | Found a basalt altar of Yredelemnul.
  4499 | D:5      | Found a white marble altar of Elyvilon.
  4500 | D:5      | Found a sacrificial altar of Ru.
  4582 | D:5      | Found a bloodstained altar of Trog.
  5018 | D:6      | Reached skill level 8 in Crossbows
  5102 | D:6      | Found a blossoming altar of Fedhas.
  5434 | D:6      | Found the +3 warlock's mirror {reflect}
  5652 | D:6      | Reached * piety under Dithmenos
  5667 | D:6      | Slain by an orc warrior

Levels and vault maps discovered:
D:1:      minmay_arrival_shattered_statue, layout_basic
D:2:      layout_basic, nicolae_overflow_crystal_walls,
          okawaru_ov_weapons_minmay, chequers_ecumenical_altar_twisty
D:3:      layout_loops_ring, kennysheep_slug_shrine, first_ration,
          serial_forest, infiniplex_forest_side_room,
          infiniplex_forest_straight_1, infiniplex_forest_clump_medium,
          infiniplex_forest_clump_diagonal, infiniplex_forest_end_2,
          infiniplex_forest_lined_room_2, infiniplex_forest_clump_small,
          infiniplex_forest_lined_corner, kennysheep_generic_room_16
D:4:      layout_basic
D:5:      layout_gridville, grunt_temple_overflow_open, lemuel_doored_altar,
          minmay_temple_entry_large_hall, sigmund_edmund_badplayer
D:6:      layout_cave_pods, lemuel_coloured_pillars_altar
Temple:   nicolae_temple_figure_zero

Skill      XL: |  1  2  3  4  5  6  7  8 |
---------------+-------------------------+-----
Crossbows      | 5 6 7 8 |  8.3
Stealth        | 1 2 3 |  3.0
Dodging        | 2 3 |  3.6
Fighting       | 3 4 |  4.9
Polearms       | 1 2 |  2.3

Action                   |  1- 3 |  4- 6 |  7- 9 || total
-------------------------+-------+-------+-------++-------
Melee: Spear             |       |       |    28 ||    28
       Kick              |       |       |     4 ||     4
       Hand crossbow     |       |       |     2 ||     2
 Fire: Hand crossbow     |    81 |   146 |   160 ||   387
Throw: Stone             |       |       |     1 ||     1
  Use: Scroll            |       |     7 |     2 ||     9
  Eat: Chunk             |       |     4 |     5 ||     9
Armor: Leather armour    |     8 |       |       ||     8
       Ring mail         |       |    18 |    17 ||    35
Dodge: Dodged            |    22 |    24 |    27 ||    73
Block: Buckler           |       |       |     2 ||     2
       Reflection        |       |       |     1 ||     1

Table legend:
 A = Non-vault XP
 B = Vault XP
 C = Vault XP percentage of total XP
 D = Non-vault monster count
 E = Vault monster count
 F = Vault count percentage of total count
                 A         B        C        D         E       F
            +---------+---------+-------+---------+---------+-------
      Total |    1706 |     395 |  18.8 |     106 |       5 |   4.5
            +---------+---------+-------+---------+---------+-------
        D:1 |      28 |       0 |   0.0 |      16 |       0 |   0.0
        D:2 |     104 |       0 |   0.0 |      19 |       0 |   0.0
        D:3 |     106 |       9 |   7.8 |      24 |       3 |  11.1
        D:4 |     697 |       0 |   0.0 |      20 |       0 |   0.0
        D:5 |     278 |     386 |  58.1 |      15 |       2 |  11.8
        D:6 |     493 |       0 |   0.0 |      12 |       0 |   0.0
            +---------+---------+-------+---------+---------+-------
